AoeStats
← theo.bres

Golden Pit

510267777Analyzed
1v1 RM · 1d ago on Sep 30, 2026· 44m 6s· 2 players
Game mode
Random Map
Map size
Tiny (2 player)
Population
200
Speed
Normal
Resources
Standard
Victory
Conquest
Starting age
Dark Age
Ending age
Imperial Age
RankedLock teamsTeams togetherTeam positionsShared explorationLock speedFull tech treeHidden civsTurbo modeCheats
Victory
Defeat
🇫🇷 Lithuanians · France
1256
+14
🇳🇿 Chinese · New Zealand
1215
-14
theo.bres
6:59 Loom
9:06 Feudal Age
10:01 Double-Bit Axe
20:07 Castle Age
18:12 Horse Collar
19:48 Wheelbarrow
20:24 Stone Mining
20:59 Scale Barding Armor
21:05 Forging
23:07 Bloodlines
23:03 Gold Mining
23:34 Bow Saw
30:27 Chain Barding Armor
31:42 Padded Archer Armor
31:32 Fletching
32:25 Husbandry
32:55 Ballistics
33:42 Iron Casting
34:02 Man-at-Arms
35:10 Squires
37:23 Hand Cart
36:53 Town Watch
40:59 Imperial Age
39:05 Arson
38:40 Long Swordsman
39:51 Heavy Plow
40:19 Leather Archer Armor
39:59 Bodkin Arrow
40:05 Scale Mail Armor
41:08 Capped Ram
42:13 Conscription
43:11 Plate Barding Armor
43:44 Bracer
Kenners Tekkers
0:26 Loom
10:39 Feudal Age
20:57 Castle Age
19:53 Fletching
20:04 Padded Archer Armor
20:03 Double-Bit Axe
20:07 Horse Collar
21:14 Scale Mail Armor
21:57 Squires
22:55 Forging
24:10 Crossbowman
24:48 Bodkin Arrow
27:10 Wheelbarrow
27:54 Chain Mail Armor
30:37 Iron Casting
36:49 Imperial Age
38:42 Pikeman
40:26 Blast Furnace
43:26 Plate Mail Armor
43:58 Conscription
Connection lost

Rejoining the realm…

Still unreachable

The connection could not be restored.

Session expired

The server has moved on; the page needs a fresh start.